 Dungeon Crawl Stone Soup version 0.31-a0-1025-g2e47921a08 (webtiles) character file.

Game seed: 12934452954888264946

44905 kae the Slicer (level 13, -11/98 HPs)
             Began as a Demonspawn Enchanter on Nov 17, 2023.
             Was a High Priest of Dithmenos.
             Mangled by a death yak (18 damage)
             ... on level 4 of the Lair of Beasts.
             The game lasted 00:25:46 (21595 turns).

kae the Slicer (Demonspawn Enchanter)              Turns: 21595, Time: 00:25:46

Health: -11/98     AC: 14    Str: 14    XL:     13   Next: 98%
Magic:  0/23       EV: 14    Int: 23    God:    Dithmenos [*****.]
Gold:   1024       SH:  0    Dex: 16    Spells: 12/26 levels left

rFire   + + .        a - +9 short sword of the Establishment {drain, rF+ rC++ Will+}
rCold   + + +        f - +2 buckler of Sin {rElec rF- Str+2 Int+5}
rNeg    . . .        x - +2 robe {rF+}
rPois   +            m - +2 helmet
rElec   +            l - scarf {rC+ rF+}
rCorr   .            (gloves unavailable)
SInv    .            V - +0 pair of boots "Ydghoyggol" {Dex+2}
Will    +....        G - amulet of guardian spirit
Stlth   +++          P - ring of poison resistance
HPRegen 0.36/turn    O - +4 ring of protection
MPRegen 0.36/turn

%: guardian spirit
@: confused, confusing by touch, ambrosia-drunk, wreathed by umbra
A: claws 3, molten scales 1, foul stench 3, magic regeneration
a: Renounce Religion, Shadow Step, Shadow Form


You were on level 4 of the Lair of Beasts.
You worshipped Dithmenos.
Dithmenos was extremely pleased with you.
You visited 3 branches of the dungeon, and saw 17 of its levels.
You also visited: Sewer, Ossuary, Gauntlet and Volcano.

You collected 1024 gold pieces.


Innate Abilities, Weirdness & Mutations

You have claws for hands.
You are partially covered in molten scales. (AC +2)
You frequently emit foul miasma when damaged in melee.
You regenerate magic rapidly.


   Skills:
 - Level 8.0 Fighting
 * Level 14.1 Short Blades
 - Level 4.0 Armour
 - Level 6.0 Dodging
 + Level 11.3 Stealth
 - Level 5.0 Shields
 - Level 7.0 Spellcasting
 - Level 7.0 Hexes
 - Level 3.0 Ice Magic


You had 12 spell levels left.
You knew the following spells:

 Your Spells              Type           Power      Damage    Failure   Level
a - Ensorcelled Hibernat  Hex/Ice        62%        N/A       1%          2
b - Confusing Touch       Hex            40%        N/A       1%          3
c - Tukima's Dance        Hex            40%        N/A       1%          3
d - Dazzling Flash        Conj/Hex       48%        N/A       7%          3
e - Slow                  Hex            100%       N/A       1%          1
f - Jinxbite              Hex            80%        N/A       1%          2

Your spell library contained the following spells:

 Spells                   Type           Power      Damage    Failure   Level
 Sigil of Binding         Hex            40%        N/A       1%          3
 Frozen Ramparts          Ice            42%        1d7       9%          3
 Ozocubu's Armour         Ice            21%        N/A       9%          3
 Magic Dart               Conj           32%        1d4       10%         1
 Call Imp                 Summ           16%        N/A       14%         2
 Poisonous Vapours        Pois/Air       16%        N/A       14%         2
 Dimensional Bullseye     Hex/Tloc       12%        N/A       22%         4
 Leda's Liquefaction      Hex/Erth       12%        N/A       22%         4
 Call Canine Familiar     Summ           8%         N/A       28%         3
 Mephitic Cloud           Conj/Pois/Air  8%         N/A       28%         3
 Teleport Other           Tloc           8%         N/A       28%         3
 Vampiric Draining        Necr           8%         2d6       28%         3
 Volatile Blastmotes      Fire/Tloc      16%        2d11      28%         3
 Metabolic Englaciation   Hex/Ice        15%        N/A       34%         5
 Summon Ice Beast         Ice/Summ       14%        N/A       45%         4
 Summon Mana Viper        Hex/Summ       24%        N/A       54%         5
 Yara's Violent Unravell  Hex/Tmut       12%        3d7       54%         5
 Manifold Assault         Tloc           8%         N/A       67%         4
 Petrify                  Tmut/Erth      8%         N/A       67%         4
 Freezing Cloud           Conj/Ice/Air   6%         6-21      87%         5
 Lee's Rapid Deconstruct  Erth           4%         3d5*      95%         5
 Bombard                  Conj/Erth      4%         9d2       100%        6
 Dispersal                Tloc           4%         N/A       100%        6
 Starburst                Conj/Fire      4%         6d3       100%        6
 Monstrous Menagerie      Summ           4%         N/A       100%        7
 Ozocubu's Refrigeration  Ice            10%        4d9       100%        7
 Discord                  Hex            20%        N/A       100%        8
 Disjunction              Tloc           4%         N/A       100%        8
 Maxwell's Capacitive Co  Air            4%         ∞         100%        8

Inventory:

Hand Weapons
 a - the +9 short sword of the Establishment (weapon) {drain, rF+ rC++ Will+}
   (You took it off a minotaur in a Gauntlet)

   rF+:       It protects you from fire.
   rC++:      It greatly protects you from cold.
   Will+:     It increases your willpower.
 b - a +7 vampiric dagger
   (You took it off an orc wizard on level 4 of the Dungeon)
 r - a +4 dagger
   (You found it on level 3 of the Dungeon)
Missiles
 j - 20 stones
Armour
 f - the +2 buckler of Sin (worn) {rElec rF- Str+2 Int+5}
   (You acquired it on level 7 of the Dungeon)

   Str+2:     It affects your strength (+2).
   Int+5:     It affects your intelligence (+5).
   rF-:       It makes you vulnerable to fire.
   rElec:     It insulates you from electricity.
 l - a scarf of resistance (worn)
   (You found it in a Gauntlet)
 m - a +2 helmet (worn)
   (You found it on level 4 of the Dungeon)
 x - a +2 robe of fire resistance (worn)
   (You found it in a Gauntlet)
 y - the +3 leather armour of Vuiphus {rN+}
   (You found it in a Gauntlet)

   rN+:       It protects you from negative energy.
 V - the +0 pair of boots "Ydghoyggol" (worn) {Dex+2}
   (You found it in a Gauntlet)

   Dex+2:     It affects your dexterity (+2).
Magical Staves
 t - a staff of air {!a}
   (You found it on level 5 of the Lair of Beasts)
 w - a staff of conjuration {!a}
   (You found it in a Gauntlet)
Jewellery
 A - an amulet of the acrobat
   (You found it on level 8 of the Dungeon)
 C - a ring of protection from cold
   (You found it on level 4 of the Dungeon)
 G - an amulet of guardian spirit (around neck)
   (You found it on level 5 of the Dungeon)
 L - a ring of flight
   (You found it in a Gauntlet)
 N - a ring of positive energy
   (You found it in an ossuary)
 O - a +4 ring of protection (right claw)
   (You found it on level 2 of the Lair of Beasts)
 P - a ring of poison resistance (left claw)
   (You found it on level 3 of the Dungeon)
 R - a ring of resist corrosion
   (You took it off a kobold brigand on level 9 of the Dungeon)
 W - a ring of magical power
   (You found it on level 1 of the Lair of Beasts)
Wands
 i - a wand of mindburst (7)
   (You found it on level 3 of the Lair of Beasts)
 v - a wand of flame (17)
   (You found it on level 6 of the Dungeon)
 B - a wand of roots (22)
   (You found it on level 7 of the Dungeon)
 Q - a wand of digging (2)
   (You found it on level 1 of the Lair of Beasts)
 T - a wand of polymorph (3)
   (You found it on level 2 of the Lair of Beasts)
Scrolls
 c - a scroll of enchant weapon
 e - 2 scrolls of immolation {!r!r}
 g - a scroll of torment {!r}
 o - a scroll of amnesia {unknown}
 u - 6 scrolls of teleportation {@r4}
 E - a scroll of revelation
 H - 7 scrolls of identify {@r1}
 K - 3 scrolls of poison
Potions
 d - 2 potions of cancellation
 h - 4 potions of might
 k - 3 potions of enlightenment
 n - a potion of magic
 p - 5 potions of lignification {!q}
 s - 9 potions of mutation {!q}
 z - a potion of brilliance
 J - 2 potions of attraction {!q}
Miscellaneous
 F - a condenser vane
   (You found it on level 7 of the Dungeon)
 S - a phantom mirror
   (You found it on level 11 of the Dungeon)

Dungeon Overview and Level Annotations

Branches:
Dungeon (11/15) Zot: 24261  Temple (1/1) D:6 Zot: 5969    Lair (5/5) D:11 Zot: 24959
 Shoals (0/4) Lair:3       Spider (0/4) Lair:3        Slime (0/5) Lair:4
    Orc (0/2) D:11          Sewer (visited)         Ossuary (visited)
Volcano (visited)         Gauntlet (visited)

Altars:
Ashenzari
Cheibriados
Dithmenos
Fedhas
Gozag
Hepliaklqana
Kikubaaqudgha
Makhleb
Nemelex Xobeh
Okawaru
Qazlal
Ru
Sif Muna
Trog
Uskayaw
Vehumet
Wu Jian
Xom
Yredelemnul
Jiyva

Shops:
D:11 (

Annotations:
D:4 1 runed translucent door, zurenarrh's ghost, novice MfGl
D:10 exclusion: 3 doors
D:11 2 transporters, Frqise's ghost, novice MiBe
Lair:3 2 transporters

##..........### ##........
#..........### #.........
###.F.......#..# #.........
#..........#.### ##........
###.........#### #........ ##
#..........## ##.......
.###.........##### #.......
.............###.###### ##.....#
..............##@#.##.# ###...#
................Y.....## #.....
##.....................#####.<..#
##.........................#.....
.................................
....................#............
....................P............
..........................<......
........................###....##


You could see a death yak (poisoned, slow).


Message History

You completely miss the death yak.
Your shadow hits the death yak but does no damage.
The death yak is engulfed in dark miasma.
The death yak looks even sicker.
The death yak seems to slow down.
The death yak gores you!
* * * LOW HITPOINT WARNING * * *
😨 HP[-11] MP[-3]
You take 11 damage, and now have 47/98 hp.
You lost 3 mp, and now have 11/23 mp.
You barely miss the death yak. 😨 HP[+1] MP[+1]
You hit the death yak but do no damage.
The death yak is no longer moving slowly.
The death yak is engulfed in dark miasma.
The death yak looks even sicker.
The death yak seems to slow down.
The death yak gores you but does no damage.
You hit the death yak but do no damage.
Your shadow hits the death yak but does no damage.
You barely miss the death yak.
The death yak is no longer moving slowly.
You hit the death yak but do no damage.
The death yak is engulfed in dark miasma.
The death yak looks as sick as possible!
The death yak seems to slow down.
The death yak completely misses you.
You hit the death yak but do no damage.
The death yak is no longer moving slowly. 😨 HP[+1]
You hit the death yak but do no damage.
The death yak is engulfed in dark miasma.
The death yak looks as sick as possible!
The death yak barely misses you. 😨 MP[+1]
You hit the death yak but do no damage. You hit the death yak but do no damage.
Your claws stop glowing.
The death yak gores you!
* * * LOW HITPOINT WARNING * * *
😨 HP[-11] MP[-3]
You take 11 damage, and now have 38/98 hp.
You lost 3 mp, and now have 10/23 mp.
You puncture the death yak! You barely miss the death yak.
The death yak gores you!
* * * LOW HITPOINT WARNING * * *
😨 HP[-11] MP[-3]
You take 11 damage, and now have 27/98 hp.
You lost 3 mp, and now have 7/23 mp.
You hit the death yak. You drain the death yak.
The death yak barely misses you. 😨 HP[+1] MP[+1]
You hit the death yak. You completely miss the death yak.
The death yak gores you.
You emit a cloud of foul miasma! 😨 MP[-1]
You lost 1 mp, and now have 7/23 mp.
You puncture the death yak! You drain the death yak.
Your shadow hits the death yak with a short sword.
Casting: Confusing Touch (safe; 1% risk of failure)
Confirm with . or Enter, or press ? or * to list all spells.
Your claws begin to glow red.
The death yak is engulfed in dark miasma.
The death yak looks as sick as possible!
The death yak gores you but does no damage.
The death yak is engulfed in dark miasma.
The death yak looks as sick as possible!
You kill the death yak!
Dithmenos accepts your kill. 😨 HP[+1] MP[-2]
You lost 2 mp, and now have 5/23 mp.
The death yak gores you.
* * * LOW HITPOINT WARNING * * *
You see here a death yak corpse. 😨 HP[-2]
You take 2 damage, and now have 27/98 hp.
You barely miss the death yak.
Your shadow hits the death yak but does no damage.
The death yak misses you.
You hit the death yak but do no damage. 😨 HP[+1] MP[+1]
You hit the death yak but do no damage. The death yak gores you!
* * * LOW HITPOINT WARNING * * *
😱 HP[-11] MP[-2]
You take 11 damage, and now have 17/98 hp.
You lost 2 mp, and now have 4/23 mp.
You hit the death yak but do no damage. You hit the death yak but do no damage.
The death yak gores you!!
* * * LOW HITPOINT WARNING * * *
You emit a cloud of foul miasma! 😱 HP[-16] MP[-3]
You take 16 damage, and now have 1/98 hp.
You lost 3 mp, and now have 1/23 mp.
You hit the death yak but do no damage.
Your shadow hits the death yak with a short sword.
Okay, then.
Okay, then.
You are confused.
You feel invigorated.
The death yak is engulfed in dark miasma.
The death yak is poisoned.
The death yak seems to slow down.
The death yak gores you!!
You die...

Skill      XL: |  1  2  3  4  5  6  7  8  9 10 11 12 13 |
---------------+----------------------------------------+-----
Short Blades   | 1 2 3 4 5 6 7 9 11 14 | 14.1
Stealth        | 3 4 5 6 7 9 11 | 11.3
Ice Magic      | 1 2 3 |  3.0
Spellcasting   | 3 4 5 6 7 |  7.0
Hexes          | 4 5 6 7 |  7.0
Fighting       | 1 3 4 5 6 8 |  8.0
Dodging        | 2 3 4 5 6 |  6.0
Armour         | 1 2 3 4 |  4.0
Shields        | 2 3 4 5 |  5.0

Action                     |  1- 3 |  4- 6 |  7- 9 | 10-12 | 13-15 || total
---------------------------+-------+-------+-------+-------+-------++-------
  Melee: Dagger            |   141 |   262 |   367 |   730 |    46 ||  1546
         Punch             |     1 |     3 |     2 |       |       ||     6
         Short sword       |       |       |       |   142 |   332 ||   474
   Cast: Ensorcelled Hiber |     7 |    15 |    43 |    82 |    17 ||   164
         Confusing Touch   |       |     1 |    14 |    39 |     9 ||    63
         Tukima's Dance    |       |       |     1 |       |       ||     1
         Dazzling Flash    |       |       |       |     1 |     6 ||     7
  Evoke: Condenser vane    |       |       |     1 |       |       ||     1
         Wand              |       |       |       |     3 |       ||     3
    Use: Scroll            |     8 |     6 |    13 |    10 |     1 ||    38
         Potion            |       |       |     5 |     5 |     3 ||    13
   Stab: Sleeping          |    14 |    20 |    28 |    54 |    16 ||   132
         Confused          |       |     2 |    10 |    34 |     2 ||    48
         Invisible         |       |       |       |     1 |    16 ||    17
         Distracted        |       |       |       |       |     2 ||     2
 Armour: Robe              |    71 |   105 |       |       |   125 ||   301
         Leather armour    |       |    48 |   217 |   547 |    61 ||   873
  Dodge: Dodged            |    85 |   151 |   195 |   526 |   172 ||  1129
  Block: Buckler           |       |       |    33 |   288 |    88 ||   409

Levels and vault maps discovered:
D:1:      minmay_arrival_four_loops, layout_basic
D:2:      layout_rooms, basic_altar, hellmonk_ecumenical_altar_zigzags
D:3:      layout_basic, bloody_trog
D:4:      layout_loops_ring, grunt_temple_overflow_gold_and_silver,
          mainiacjoe_overflow_alcove_2, gup_sewer_entry_glass,
          ebering_ghost_reflecting_pool
D:5:      layout_rooms, lightli_minifort, uniq_grinder
D:6:      layout_layer_cave, minmay_temple_entry_trees
D:7:      layout_loops_corners, enter_ossuary_1, dk_noncrumbling_3
D:8:      layout_cave_pods, uniq_joseph
D:9:      layout_long_grid, mainiacjoe_overflow_chevrons,
          mainiacjoe_overflow_swirl
D:10:     layout_roguey, serial_demonic, serial_demonic_a, serial_demonic_b,
          serial_demonic_e, serial_demonic_b, serial_demonic_b,
          serial_demonic_c, serial_bayou_lagoon_a, centaur_isle, uniq_harold
D:11:     layout_basic, david_lair_shrubbed, orc_0_dummy, gammafunk_ghost_hive,
          nicolae_shop_firing_range
Temple:   hellmonk_temple_divided_pantheon
Lair:1:   layout_regular_city
Lair:2:   layout_cave_pods, gauntlet_entry_generic, minivault_24
Lair:3:   layout_gridlike, nicolae_shoals_entry_flooding,
          nicolae_spider_entry_tight_spaces, gammafunk_ghost_arena
Lair:4:   layout_hall_layers, minmay_slime_entry_pillars,
          nicolae_volcano_entry_lava_flow
Lair:5:   minmay_lair_end_enchanted_forest, layout_long_grid,
          gammafunk_ghost_berserking_beasts, bobbens_ice_dragon_lair,
          infiniplex_staircase_pool

Notes
Turn   | Place    | Note
-------+----------+-------------------------------------------
     0 | D:1      | kae the Demonspawn Enchanter began the quest for the Orb.
     0 | D:1      | Reached XP level 1. HP: 13/13 MP: 3/3
     0 | D:1      | magus.rc [v1.11.3]
    80 | D:1      | Reached skill level 1 in Short Blades
   373 | D:1      | Gained mutation: You have sharp fingernails. [demonic
                  | ancestry]
   373 | D:1      | Reached XP level 2. HP: 19/19 MP: 5/5
   376 | D:1      | Learned a level 2 spell: Ensorcelled Hibernation
  1249 | D:2      | Found a faded altar of an unknown god.
  1267 | D:2      | Reached skill level 3 in Stealth
  1267 | D:2      | Reached XP level 3. HP: 9/24 MP: 1/6
  1269 | D:2      | HP: 6/24 [poisoned by an adder]
  1533 | D:2      | Reached skill level 1 in Ice Magic
  2102 | D:3      | Reached skill level 2 in Short Blades
  2102 | D:3      | Reached XP level 4. HP: 30/30 MP: 7/7
  2563 | D:3      | Found a bloodstained altar of Trog.
  2586 | D:3      | You pick up a book of Minor Magic and begin reading...
  2586 | D:3      | You add the spells Magic Dart, Call Imp and Mephitic Cloud
                  | to your library.
  2624 | D:3      | You pick up a book of Spectacle and begin reading...
  2624 | D:3      | You add the spells Volatile Blastmotes, Starburst and
                  | Maxwell's Capacitive Coupling to your library.
  2844 | D:4      | Found a glowing drain.
  2874 | D:4      | Gained mutation: You regenerate magic rapidly. [demonic
                  | ancestry]
  2874 | D:4      | Reached XP level 5. HP: 31/35 MP: 8/8
  2891 | Sewer    | Entered a sewer
  2939 | Sewer    | Reached skill level 2 in Ice Magic
  3351 | Sewer    | Reached skill level 3 in Short Blades
  3351 | Sewer    | Gained mutation: You may rarely emit foul miasma when
                  | damaged in melee. [demonic ancestry]
  3351 | Sewer    | Reached XP level 6. HP: 41/41 MP: 5/10
  3359 | Sewer    | Reached skill level 3 in Spellcasting
  3455 | Sewer    | Identified the +6 shortbow of the Leaping Gnat {antimagic,
                  | +Blink rF+ Str-3}
  4163 | D:4      | Found a runed translucent door.
  4164 | D:4      | Noticed zurenarrh's ghost (novice MfGl)
  4359 | D:4      | Found an iron altar of Okawaru.
  4552 | D:4      | Found an opulent altar of Gozag.
  4687 | D:5      | Entered Level 5 of the Dungeon
  4785 | D:5      | Reached skill level 3 in Ice Magic
  4803 | D:4      | Reached skill level 4 in Hexes
  4982 | D:5      | Learned a level 3 spell: Confusing Touch
  4986 | D:5      | Learned a level 3 spell: Tukima's Dance
  5025 | D:5      | Noticed Grinder
  5046 | D:5      | Killed Grinder
  5047 | D:5      | Reached skill level 1 in Fighting
  5047 | D:5      | Reached skill level 4 in Short Blades
  5047 | D:5      | Reached skill level 2 in Dodging
  5047 | D:5      | Reached skill level 4 in Stealth
  5047 | D:5      | Reached XP level 7. HP: 35/48 MP: 5/12
  5124 | D:5      | Reached skill level 1 in Armour
  5390 | D:5      | You pick up a book of Vapours and begin reading...
  5390 | D:5      | You add the spells Poisonous Vapours and Freezing Cloud to
                  | your library.
  5516 | D:5      | Gained mutation: You have very sharp fingernails. [demonic
                  | ancestry]
  5516 | D:5      | Reached XP level 8. HP: 32/55 MP: 9/13
  5533 | D:5      | HP: 13/55 [gnoll/+0 spear of flaming[a gnoll sergeant] (3)]
  5536 | D:5      | HP: 6/55 [gnoll/+0 spear of flaming[a gnoll sergeant] (1)]
  6033 | D:6      | Reached skill level 2 in Fighting
  6227 | D:6      | Reached skill level 2 in Armour
  6227 | D:6      | Reached skill level 4 in Spellcasting
  6375 | D:6      | Reached skill level 5 in Short Blades
  6375 | D:6      | Reached skill level 3 in Dodging
  6407 | D:6      | Found a staircase to the Ecumenical Temple.
  6442 | Temple   | Found a transporter.
  6442 | Temple   | Found a transporter.
  6442 | Temple   | Found a transporter.
  6442 | Temple   | Found a transporter.
  6442 | Temple   | Entered the Ecumenical Temple
  6455 | Temple   | Became a worshipper of Dithmenos the Shadowed
  7100 | D:7      | Reached skill level 5 in Hexes
  7237 | D:7      | Found a sand-covered staircase.
  7255 | Ossuary  | Entered an ossuary
  7408 | Ossuary  | HP: 11/57 [wraith (4)]
  7417 | Ossuary  | Reached skill level 3 in Fighting
  7417 | Ossuary  | Gained mutation: You have claws for hands. [demonic
                  | ancestry]
  7417 | Ossuary  | Reached XP level 9. HP: 14/63 MP: 4/15
  7816 | Ossuary  | Identified a scroll of acquirement
  7859 | D:7      | Acquired the +2 buckler of Sin {rElec rF- Str+2 Int+5}
  7950 | D:7      | Reached * piety under Dithmenos
  7951 | D:7      | Reached skill level 5 in Stealth
  8117 | D:7      | Reached skill level 3 in Armour
  8544 | D:7      | Reached skill level 1 in Shields
  8735 | D:8      | Reached skill level 6 in Short Blades
  8755 | D:8      | You add the spells Ozocubu's Armour and Ozocubu's
                  | Refrigeration to your library.
  9005 | D:8      | Noticed Joseph
  9012 | D:8      | HP: 13/64 [Joseph/sling bullet (13)]
  9222 | D:8      | Killed Joseph
  9383 | D:8      | Reached skill level 4 in Dodging
  9552 | D:8      | Reached skill level 5 in Spellcasting
  9560 | D:8      | Reached skill level 2 in Shields
  9816 | D:8      | You fall into a shaft and drop 3 floors!
  9831 | D:11     | Found a staircase to the Orcish Mines.
  9853 | D:11     | Noticed a cyclops
  9875 | D:11     | Killed a cyclops
  9876 | D:11     | Reached skill level 4 in Fighting
  9876 | D:11     | Gained mutation: You are partially covered in molten
                  | scales. (AC +2) [demonic ancestry]
  9876 | D:11     | Reached XP level 10. HP: 71/71 MP: 6/17
  9923 | D:10     | Entered Level 10 of the Dungeon
 10152 | D:11     | Reached skill level 6 in Hexes
 10178 | D:11     | Reached skill level 4 in Armour
 10198 | D:11     | Reached skill level 7 in Short Blades
 10264 | D:11     | You pick up a book of Sloth and begin reading...
 10264 | D:11     | You add the spells Frozen Ramparts, Petrify and Metabolic
                  | Englaciation to your library.
 10274 | D:11     | Found a transporter.
 10277 | D:11     | Found a transporter.
 10279 | D:11     | Noticed Frqise's ghost (novice MiBe)
 10349 | D:11     | Noticed a white ugly thing
 10368 | D:11     | Killed a white ugly thing
 10369 | D:11     | Reached skill level 6 in Stealth
 10585 | D:11     | Reached skill level 3 in Shields
 10770 | D:11     | Found Bonuem's Firing Range.
 10895 | D:11     | Noticed a two-headed ogre
 10906 | D:11     | Killed a two-headed ogre
 10907 | D:11     | Reached skill level 5 in Fighting
 11119 | D:11     | Reached skill level 5 in Dodging
 11208 | D:11     | Found a staircase to the Lair.
 11674 | D:10     | Reached ** piety under Dithmenos
 12023 | D:10     | Noticed a sixfirhy
 12026 | D:10     | Noticed an orange demon
 12028 | D:10     | Noticed a centaur warrior
 12272 | D:9      | Gained mutation: You sometimes emit foul miasma when
                  | damaged in melee. [demonic ancestry]
 12272 | D:9      | Reached XP level 11. HP: 51/80 MP: 7/19
 12472 | D:9      | Reached skill level 8 in Short Blades
 12509 | D:9      | Found an ancient bone altar of Kikubaaqudgha.
 12562 | D:9      | You pick up a book of the Hunter and begin reading...
 12562 | D:9      | You add the spells Sigil of Binding, Call Canine Familiar,
                  | Dimensional Bullseye and Leda's Liquefaction to your
                  | library.
 12672 | D:9      | Reached skill level 6 in Spellcasting
 12989 | D:9      | Found a stormy altar of Qazlal.
 13226 | D:9      | Found a shimmering altar of Xom.
 13522 | D:10     | Noticed Harold
 13554 | D:10     | Killed Harold
 13567 | D:9      | Killed a sixfirhy
 13568 | D:9      | Reached skill level 4 in Shields
 13568 | D:9      | Reached skill level 7 in Hexes
 13842 | D:10     | Killed a centaur warrior
 13843 | D:10     | Reached skill level 7 in Stealth
 13978 | D:9      | Reached *** piety under Dithmenos
 14162 | D:10     | Reached skill level 6 in Fighting
 14899 | Lair:1   | Entered Level 1 of the Lair of Beasts
 14992 | Lair:1   | Reached skill level 9 in Short Blades
 14992 | Lair:1   | Reached skill level 6 in Dodging
 15655 | Gauntlet | Identified the of Desk
 15655 | Gauntlet | Identified the of Gahuuhof
 15688 | Lair:2   | Gained mutation: You frequently emit foul miasma when
                  | damaged in melee. [demonic ancestry]
 15688 | Lair:2   | Reached XP level 12. HP: 88/88 MP: 20/22
 15696 | Lair:2   | Reached skill level 5 in Shields
 15755 | Lair:2   | Reached skill level 7 in Spellcasting
 15777 | Lair:2   | Found a gate leading to a gauntlet.
 15787 | Gauntlet | Entered a Gauntlet
 15787 | Gauntlet | Found a transporter.
 15825 | Gauntlet | Found a transporter.
 15825 | Gauntlet | Found a transporter.
 15835 | Gauntlet | Found a transporter.
 15838 | Gauntlet | Found a transporter.
 15842 | Gauntlet | Found a runed translucent door.
 15844 | Gauntlet | Found a runed translucent door.
 15847 | Gauntlet | Found a transporter.
 15860 | Gauntlet | Noticed a green death
 15863 | Gauntlet | Found a transporter.
 15870 | Gauntlet | Noticed a ghost crab
 15874 | Gauntlet | Found a transporter.
 15884 | Gauntlet | Found a transporter.
 15888 | Gauntlet | Found a transporter.
 15890 | Gauntlet | Found a transporter.
 15892 | Gauntlet | Found a transporter.
 15921 | Gauntlet | Found a transporter.
 15934 | Gauntlet | Found a runed translucent door.
 15989 | Gauntlet | Found a transporter.
 16156 | Gauntlet | Reached skill level 10 in Short Blades
 16156 | Gauntlet | Reached skill level 8 in Stealth
 16246 | Gauntlet | Learned a level 3 spell: Dazzling Flash
 16262 | Gauntlet | Killed a ghost crab
 16272 | Gauntlet | You pick up a book of Spectacle and begin reading...
 16274 | Gauntlet | Identified the +0 pair of boots "Ydghoyggol" {Dex+2}
 16308 | Gauntlet | Identified the +9 short sword of the Establishment {drain,
                  | rF+ rC++ Will+}
 16308 | Gauntlet | Noticed a minotaur
 16322 | Gauntlet | HP: 14/83 [minotaur/the +9 short sword of the Establishment
                  | {drain, rF+ rC++ Will+} (18)]
 16327 | Gauntlet | HP: 15/81 [minotaur/the +9 short sword of the Establishment
                  | {drain, rF+ rC++ Will+} (25)]
 16337 | Gauntlet | Killed a minotaur
 16338 | Gauntlet | Reached skill level 7 in Fighting
 16470 | Gauntlet | Identified the +3 leather armour of Vuiphus {rN+}
 16474 | Gauntlet | You add the spells Slow, Yara's Violent Unravelling and
                  | Discord to your library.
 16477 | Gauntlet | You add the spells Jinxbite and Teleport Other to your
                  | library.
 16480 | Gauntlet | You pick up a book of the Warp and begin reading...
 16480 | Gauntlet | You add the spells Manifold Assault, Dispersal and
                  | Disjunction to your library.
 16540 | Gauntlet | Learned a level 1 spell: Slow
 16543 | Gauntlet | Learned a level 2 spell: Jinxbite
 17480 | Lair:3   | Found a transporter.
 17615 | Lair:3   | Reached **** piety under Dithmenos
 17642 | Lair:3   | Reached skill level 11 in Short Blades
 17672 | Lair:3   | Noticed a four-headed hydra
 17695 | Lair:3   | Killed a four-headed hydra
 17696 | Lair:3   | Reached skill level 9 in Stealth
 17859 | Lair:3   | Found a transporter.
 17913 | Lair:3   | Reached skill level 8 in Fighting
 18263 | Lair:3   | Found a staircase to the Shoals.
 18283 | Lair:3   | HP: 16/92 [drowned by a water nymph (11)]
 18284 | Lair:3   | HP: 4/92 [drowned by a water nymph (9)]
 18287 | Lair:3   | HP: 1/92 [poisoned by a cane toad]
 18917 | Lair:3   | You pick up a book of the Earth and begin reading...
 18917 | Lair:3   | You add the spells Lee's Rapid Deconstruction and Bombard
                  | to your library.
 18979 | Lair:3   | Found a hole to the Spider Nest.
 19007 | Lair:3   | Reached XP level 13. HP: 98/98 MP: 23/23
 19124 | Lair:4   | Found a staircase to the Slime Pits.
 19148 | Lair:4   | Found a viscous altar of Jiyva.
 19199 | Lair:4   | Reached skill level 12 in Short Blades
 19202 | Lair:4   | HP: 15/98 [death yak (14)]
 19204 | Lair:4   | HP: 5/98 [death yak (12)]
 19229 | Lair:4   | Reached skill level 10 in Stealth
 19263 | Lair:4   | Reached ***** piety under Dithmenos
 19324 | Lair:4   | Found a dark tunnel.
 19333 | Volcano  | Entered a volcano
 19630 | Volcano  | Reached skill level 13 in Short Blades
 19729 | Volcano  | You pick up a book of Beasts and begin reading...
 19729 | Volcano  | You add the spells Summon Ice Beast, Summon Mana Viper and
                  | Monstrous Menagerie to your library.
 20237 | Lair:4   | You pick up a book of Debilitation and begin reading...
 20322 | Lair:4   | You fall into a shaft and drop 1 floor!
 20322 | Lair:5   | Entered Level 5 of the Lair of Beasts
 20391 | Lair:5   | Reached skill level 11 in Stealth
 21267 | Lair:4   | HP: 18/98 [cane toad (10)]
 21277 | Lair:4   | Reached skill level 14 in Short Blades
 21591 | Lair:4   | HP: 17/98 [death yak (11)]
 21593 | Lair:4   | HP: 1/98 [death yak (16)]
 21595 | Lair:4   | Mangled by a death yak

Vanquished Creatures
  A minotaur (Gauntlet)
  A ghost crab (Gauntlet)
  3 hydras
  Harold (D:10)
  A centaur warrior (D:10)
  A dancing weapon (Volcano)
  A two-headed ogre (D:11)
  9 death yaks (Lair:4)
  2 occultists (Volcano)
  2 sixfirhies
  A lindwurm (Lair:3)
  A shining eye (Gauntlet)
  An ugly thing (D:11)
  A cyclops (D:11)
  4 toenail golems (Volcano)
  A water nymph (Lair:3)
  Joseph (D:8)
  3 black mambas (Lair:4)
  2 orange demons (D:10)
  10 cane toads
  3 rime drakes
  2 unseen horrors (D:11)
  8 komodo dragons
  2 trolls
  3 polar bears
  Grinder (D:5)
  3 hellwings
  A hornet (D:8)
  A glass eye (Gauntlet)
  27 blink frogs
  2 slime creatures (Lair:4)
  20 yaks
  2 jumping spiders (Lair:3)
  A culicivora (Lair:3)
  A shadow (D:10)
  3 wraiths
  A ynoxinul (D:10)
  4 wyverns
  A basilisk (Lair:1)
  4 humans (Volcano)
  4 redbacks (Lair:3)
  3 vampire mosquitoes
  An acid dragon (D:11)
  14 water moccasins
  A sky beast (D:7)
  3 orc warriors
  3 black bears
  8 wolves (Lair:3)
  11 centaurs
  3 kobold brigands
  11 bullfrogs
  A scorpion (D:5)
  2 gnoll sergeants
  10 wights
  4 killer bees (D:9)
  3 electric eels
  2 howler monkeys (D:7)
  A lava snake (Lair:3)
  5 jellies
  2 quasits (D:10)
  4 hounds (D:6)
  4 orc priests
  3 iguanas
  4 sleepcaps
  7 orc wizards
  5 hell rats (Lair:3)
  3 mummies (Ossuary)
  11 gnolls
  9 adders
  A shadow imp (D:6)
  2 white imps
  2 ufetubi (Gauntlet)
  2 dart slugs
  18 orcs
  7 endoplasms
  17 giant cockroaches
  A gnoll zombie (Ossuary)
  4 goblins
  8 hobgoblins
  4 jackals
  10 quokkas
  3 training dummies (D:11)
  10 ball pythons
  3 bats
  8 frilled lizards
  5 goblin zombies (Ossuary)
  A hobgoblin zombie (Ossuary)
  20 kobolds
  4 kobold zombies (Ossuary)
  5 rats
414 creatures vanquished.

Vanquished Creatures (others)
  An orc wizard (D:8)
1 creature vanquished.

Grand Total: 415 creatures vanquished

Table legend:
 A = Non-vault XP
 B = Vault XP
 C = Vault XP percentage of total XP
 D = Non-vault monster count
 E = Vault monster count
 F = Vault count percentage of total count
                 A         B        C        D         E       F
            +---------+---------+-------+---------+---------+-------
      Total |   47516 |   16634 |  25.9 |     315 |      99 |  23.9
            +---------+---------+-------+---------+---------+-------
        D:1 |      23 |       0 |   0.0 |      16 |       0 |   0.0
        D:2 |      51 |       0 |   0.0 |      16 |       0 |   0.0
        D:3 |      94 |       0 |   0.0 |      21 |       0 |   0.0
        D:4 |     109 |      21 |  16.2 |      21 |       5 |  19.2
        D:5 |     506 |     443 |  46.7 |      14 |       6 |  30.0
        D:6 |     835 |       0 |   0.0 |      20 |       0 |   0.0
        D:7 |    1058 |       0 |   0.0 |      16 |       0 |   0.0
        D:8 |     876 |     460 |  34.4 |      12 |       1 |   7.7
        D:9 |    2857 |    1049 |  26.9 |      34 |       2 |   5.6
       D:10 |    1735 |    2555 |  59.6 |      10 |       8 |  44.4
       D:11 |    4389 |     545 |  11.0 |      19 |       5 |  20.8
     Lair:1 |    3322 |       0 |   0.0 |      12 |       0 |   0.0
     Lair:2 |    5323 |       0 |   0.0 |      18 |       0 |   0.0
     Lair:3 |    6338 |    1870 |  22.8 |      33 |       8 |  19.5
     Lair:4 |   16629 |     550 |   3.2 |      41 |       4 |   8.9
     Lair:5 |    3371 |       0 |   0.0 |      12 |       0 |   0.0
      Sewer |       0 |     252 | 100.0 |       0 |      27 | 100.0
    Ossuary |       0 |     271 | 100.0 |       0 |      15 | 100.0
    Volcano |       0 |    5108 | 100.0 |       0 |      11 | 100.0
   Gauntlet |       0 |    3510 | 100.0 |       0 |       7 | 100.0
            +---------+---------+-------+---------+---------+-------

Skill      XL: |  1  2  3  4  5  6  7  8  9 10 11 12 13 |
---------------+----------------------------------------+-----
Short Blades   | 1 2 3 4 5 6 7 9 11 14 | 14.1
Stealth        | 3 4 5 6 7 9 11 | 11.3
Ice Magic      | 1 2 3 |  3.0
Spellcasting   | 3 4 5 6 7 |  7.0
Hexes          | 4 5 6 7 |  7.0
Fighting       | 1 3 4 5 6 8 |  8.0
Dodging        | 2 3 4 5 6 |  6.0
Armour         | 1 2 3 4 |  4.0
Shields        | 2 3 4 5 |  5.0

Action                     |  1- 3 |  4- 6 |  7- 9 | 10-12 | 13-15 || total
---------------------------+-------+-------+-------+-------+-------++-------
  Melee: Dagger            |   141 |   262 |   367 |   730 |    46 ||  1546
         Punch             |     1 |     3 |     2 |       |       ||     6
         Short sword       |       |       |       |   142 |   332 ||   474
   Cast: Ensorcelled Hiber |     7 |    15 |    43 |    82 |    17 ||   164
         Confusing Touch   |       |     1 |    14 |    39 |     9 ||    63
         Tukima's Dance    |       |       |     1 |       |       ||     1
         Dazzling Flash    |       |       |       |     1 |     6 ||     7
  Evoke: Condenser vane    |       |       |     1 |       |       ||     1
         Wand              |       |       |       |     3 |       ||     3
    Use: Scroll            |     8 |     6 |    13 |    10 |     1 ||    38
         Potion            |       |       |     5 |     5 |     3 ||    13
   Stab: Sleeping          |    14 |    20 |    28 |    54 |    16 ||   132
         Confused          |       |     2 |    10 |    34 |     2 ||    48
         Invisible         |       |       |       |     1 |    16 ||    17
         Distracted        |       |       |       |       |     2 ||     2
 Armour: Robe              |    71 |   105 |       |       |   125 ||   301
         Leather armour    |       |    48 |   217 |   547 |    61 ||   873
  Dodge: Dodged            |    85 |   151 |   195 |   526 |   172 ||  1129
  Block: Buckler           |       |       |    33 |   288 |    88 ||   409

Illustrated notes

Table legend:
 A = Kills in this place as a percentage of kills in the entire game.
 B = Kills by you in this place as a percentage of kills by you in the entire game.
 C = Kills by friends in this place as a percentage of kills by friends in the entire game.
 D = Other kills in this place as a percentage of other kills in the entire game.
 E = Experience gained in this place as a percentage of experience gained in the entire game.
 F = Experience gained in this place divided by the number of levels of this place that you have seen.
                   A       B       C       D       E      F
               +-------+-------+-------+-------+-------+----------------------
         Total | 100.0 | 100.0 |   N/A | 100.0 | 100.0 | 3054.8
       Dungeon |  54.6 |  54.6 |   N/A |  50.0 |  27.4 | 1600.5
          Lair |  30.9 |  30.8 |   N/A |  50.0 |  58.3 | 7480.6
         Sewer |   6.5 |   6.6 |   N/A |   0.0 |   0.4 | 252.0
       Ossuary |   3.6 |   3.6 |   N/A |   0.0 |   0.4 | 271.0
       Volcano |   2.7 |   2.7 |   N/A |   0.0 |   8.0 | 5108.0
      Gauntlet |   1.7 |   1.7 |   N/A |   0.0 |   5.5 | 3510.0
               +-------+-------+-------+-------+-------+----------------------

Table legend: (Time is in decaauts)
 A = Elapsed time spent in this place.
 B = Non-inter-level travel time spent in this place.
 C = Inter-level travel time spent in this place.
 D = Time resting spent in this place.
 E = Time spent auto-exploring this place.
 F = Levels seen in this place.
 G = Mean time per level.
                   A        B        C        D        E       F      G
               +--------+--------+--------+--------+--------+-----+--------+
         Total |  21142 |  20466 |    676 |   2036 |  13915 |  21 | 1006.8 |
       Dungeon |  13056 |  12475 |    581 |   1237 |   8818 |  11 | 1186.9 |
        Temple |     30 |     30 |      0 |      0 |      0 |   1 |   30.0 |
          Lair |   5039 |   4944 |     95 |    556 |   3408 |   5 | 1007.8 |
         Sewer |   1053 |   1053 |      0 |     44 |    520 |   1 | 1053.0 |
       Ossuary |    632 |    632 |      0 |     35 |    460 |   1 |  632.0 |
       Volcano |    585 |    585 |      0 |     30 |    340 |   1 |  585.0 |
      Gauntlet |    744 |    744 |      0 |    134 |    368 |   1 |  744.0 |
               +--------+--------+--------+--------+--------+-----+--------+

Top non-repeatable levels by time:
  Lair:4: 1611 daAuts
     D:9: 1604 daAuts
    D:10: 1589 daAuts
  Lair:3: 1562 daAuts
    D:11: 1519 daAuts
     D:6: 1237 daAuts
     D:7: 1178 daAuts
     D:1: 1131 daAuts
     D:4: 1129 daAuts
     D:8: 1072 daAuts
   Sewer: 1053 daAuts
  Lair:2: 1006 daAuts
     D:5: 954 daAuts
     D:3: 931 daAuts
  Lair:1: 748 daAuts
